 Dungeon Crawl Stone Soup version 0.28.0-53-g5a82cb258f (console) character file.

Game seed: 8362961394528656077

170 erker the Sneak (level 5, -4/31 HPs)
             Began as an Octopode Earth Elementalist on July 5, 2022.
             Was an Initiate of Cheibriados.
             Slain by an iguana (10 damage)
             ... on level 4 of the Dungeon.
             The game lasted 00:09:14 (3470 turns).

erker the Sneak (Octopode Earth Elementalist)       Turns: 3470, Time: 00:09:15

Health: -4/31      AC:  1    Str:  8    XL:     5   Next: 50%
Magic:  6/8        EV: 13    Int: 21    God:    Cheibriados [......]
Gold:   115        SH:  0    Dex: 13    Spells: 5/8 levels left

rFire   . . .      SeeInvis .   b - +1 short sword (venom)
rCold   . . .      Faith    .   (no shield)
rNeg    . . .      Spirit   .   (helmet restricted)
rPois   .          Reflect  .   (no amulet)
rElec   .          Harm     .   (no ring)
rCorr   .          Rampage  .   (no ring)
Will    .....                   (no ring)
Stlth   +++.......              (no ring)
HPRegen 0.10/turn               (no ring)
MPRegen 0.11/turn               (no ring)
                                (no ring)
                                (no ring)

@: very slow
A: almost no armour, amphibious, 8 rings, camouflage 1, gelatinous body 1,
(nimble swimmer 1), tentacles
a: Renounce Religion


You were on level 4 of the Dungeon.
You worshipped Cheibriados.
Cheibriados was noncommittal.
You visited 2 branches of the dungeon, and saw 5 of its levels.

You collected 115 gold pieces.

Inventory:

Hand Weapons
 b - a +1 short sword of venom (weapon)
 m - a +1 dagger of speed
 u - a +0 hunting sling
Missiles
 d - 10 sling bullets
 e - 6 atropa-tipped darts (quivered)
 f - 3 boomerangs
 i - 22 arrows
 j - 127 stones
 q - 8 poisoned darts
Wands
 s - a wand of flame (19)
Scrolls
 a - a scroll of vulnerability {unknown}
 h - a scroll of teleportation {unknown}
 k - a scroll of enchant armour {unknown}
 r - 2 scrolls of identify {unknown}
 v - a scroll of amnesia {unknown}
 w - a scroll of fog {unknown}
Potions
 c - a potion of berserk rage {unknown}
 g - a potion of heal wounds {unknown}
 l - a potion of lignification {unknown}
 n - a potion of magic {unknown}
 o - 2 potions of mutation {unknown}
 p - 2 potions of curing
 t - a potion of resistance {unknown}


   Skills:
 - Level 2.0 Short Blades
 - Level 2.0 Dodging
 - Level 4.0 Stealth
 - Level 2.0 Spellcasting
 + Level 3.2 Transmutations
 - Level 4.0 Earth Magic


You had 5 spell levels left.
You knew the following spells:

 Your Spells              Type           Power      Damage    Failure   Level
a - Sandblast             Erth           36%        2d10      2%          1
w - Passwall              Tmut/Erth      14%        N/A       4%          2

Your spell library contained the following spells:

 Spells                   Type           Power      Damage    Failure   Level
 Stone Arrow              Conj/Erth      20%        3d8       19%         3
 Petrify                  Tmut/Erth      17%        N/A       32%         4


Dungeon Overview and Level Annotations

Branches:
Dungeon (4/15)             Temple (1/1) D:4

Altars:
Ashenzari
Cheibriados
Dithmenos
Elyvilon
Fedhas
Gozag
Hepliaklqana
Makhleb
Nemelex Xobeh
Okawaru
Ru
Sif Muna
Trog
Uskayaw
Wu Jian
Yredelemnul
The Shining One

Shops:
D:4 :


Innate Abilities, Weirdness & Mutations

You cannot wear most types of armour.
You are amphibious.
You can wear up to eight rings at the same time.
Your skin changes colour to match your surroundings (Stealth+).
Your rubbery body absorbs attacks. (AC +1, EV +1)
((You are camouflaged when in or above water. (Stealth+)))
You have tentacles for arms and can constrict up to eight enemies at once.


Message History

The blast of sand misses the iguana.
j - 128 stones The iguana hisses menacingly.
Casting: Sandblast (safe; 2% risk of failure)
Confirm with . or Enter, or press ? or * to list all spells.
Aiming: Sandblast (safe; 2% risk of failure)
Press: ? - help, Shift-Dir - straight line, f/p - iguana
Aim: an iguana (82% to hit)
The blast of sand hits the iguana.
The iguana is lightly wounded.
j - 127 stones You barely miss the iguana.
You grab the iguana.
The iguana is lightly wounded.
You constrict the iguana, but do no damage.
The iguana bites you.
* * * LOW HITPOINT WARNING * * *
You hit the iguana. Your squeeze misses the iguana.
The iguana is lightly wounded.
You constrict the iguana, but do no damage.
The iguana barely misses you.
You release your grip on the iguana.
Press: ? - help, v - describe, . - travel
Here: an iguana (lightly wounded)
The floor.
Unknown command.
Unknown command.
Unknown command.
Unknown command.
Unknown command.
Unknown command.
Unknown command.
Unknown command.
It was a potion of curing.
You feel better. The iguana bites you!
* * * LOW HITPOINT WARNING * * *
You hit the iguana.
The iguana is poisoned.
You grab the iguana. You squeeze the iguana.
The iguana is severely wounded.
You constrict the iguana, but do no damage.
The iguana bites you!
You die...

... ...#.## .. ...###..#
#........? ##.# .........
#.## #.#..#### #..# #.#.#
##.## ..#.# #..# ....# ##l#
....# #@# ..#.### #.#
..#...# #.## ..###.# #..#
....#.# ##.# ###...### #.##
##### # ##....### #..#
##...# .##...#..>########.#
##..#.#
.....###.......###.###.....#


You could see an iguana (very poisoned).

Vanquished Creatures
  A jelly (D:2)
  An orc priest (D:3)
  2 adders (D:4)
  A worm (D:2)
  A dart slug (D:3)
  5 orcs (D:3)
  7 ball pythons
  5 endoplasms
  5 giant cockroaches
  8 hobgoblins
  4 jackals (D:1)
  4 quokkas
  8 bats
  4 frilled lizards
  3 goblins
  6 kobolds
  5 rats
70 creatures vanquished.

Notes
Turn   | Place    | Note
-------+----------+-------------------------------------------
     0 | D:1      | erker the Octopode Earth Elementalist began the quest for
                  | the Orb.
     0 | D:1      | Reached XP level 1. HP: 11/11 MP: 3/3
   423 | D:1      | Reached XP level 2. HP: 8/17 MP: 0/5
   426 | D:1      | Learned a level 2 spell: Passwall
   760 | D:1      | Found a faded altar of an unknown god.
   994 | D:1      | Reached XP level 3. HP: 21/21 MP: 6/6
  1547 | D:2      | Reached skill level 1 in Short Blades
  1547 | D:2      | Reached XP level 4. HP: 27/27 MP: 3/7
  2776 | D:3      | Noticed an ogre
  2782 | D:3      | Reached XP level 5. HP: 10/31 MP: 8/8
  3099 | D:4      | Found Hutz's Book Shoppe.
  3173 | D:4      | Found a staircase to the Ecumenical Temple.
  3181 | Temple   | Entered the Ecumenical Temple
  3365 | Temple   | Became a worshipper of Cheibriados the Contemplative
  3470 | D:4      | Slain by an iguana

Illustrated notes

Levels and vault maps discovered:
D:1:      roderic_chinese_lattice_arrival, layout_loops_ring,
          hellmonk_ecumenical_altar_inner_sanctum, roderic_roman_lattice
D:2:      layout_basic
D:3:      layout_loops_ring
D:4:      layout_rooms, minmay_temple_entry_wispy, serial_shops,
          nicolae_shop_stone, grunt_ministairs_4, nicolae_shop_fire_sale
          [nicolae_sub_dead_trees], grunt_decor_cap
Temple:   bh_familiar_temple

Skill      XL: |  1  2  3  4  5 |
---------------+----------------+-----
Stealth        | 3 4 |  4.0
Short Blades   | 1 2 |  2.0
Earth Magic    | 4 |  4.0
Transmutations | 2 3 |  3.2
Dodging        | |  2.0
Spellcasting   | |  2.0

Action                   |  1- 3 |  4- 6 || total
-------------------------+-------+-------++-------
Melee: Unarmed           |    16 |       ||    16
       Constrict         |    14 |    19 ||    33
       Tentacles         |     7 |    11 ||    18
       Dagger            |    22 |       ||    22
       Punch             |     1 |     1 ||     2
       Short sword       |    16 |    68 ||    84
Throw: Dart              |       |     1 ||     1
 Cast: Sandblast         |    14 |     3 ||    17
       Passwall          |       |     3 ||     3
  Use: Potion            |       |     1 ||     1
 Stab: Sleeping          |    13 |    11 ||    24
       Distracted        |       |     1 ||     1
Armor: Skin              |    11 |     4 ||    15
Dodge: Dodged            |    46 |    27 ||    73
